 Dungeon Crawl Stone Soup version 0.31-a0-600-g62dffe198b (webtiles) character file.

Game seed: 12383733612818953737

6349 AdnanSaban the Basher (level 10, -13/63 HPs)
             Began as a Gargoyle Fighter on Aug 21, 2023.
             Was a High Priest of Okawaru.
             Mangled by a boulder beetle (18 damage)
             ... on level 11 of the Dungeon.
             The game lasted 00:11:48 (10701 turns).

AdnanSaban the Basher (Gargoyle Fighter)           Turns: 10701, Time: 00:11:49

Health: -13/63     AC: 25    Str: 25    XL:     10   Next: 96%
Magic:  11/11      EV: 10    Int:  8    God:    Okawaru [*****.]
Gold:   502        SH: 10    Dex:  9    Spells: 9/9 levels left

rFire   . . .        K - +4 flail (protect)
rCold   . . .        w - +0 kite shield
rNeg    + . .        b - +0 scale mail
rPois   ∞            r - +2 helmet
rElec   +            (no cloak)
rCorr   +            (no gloves)
SInv    .            (no boots)
Will    +....        (no amulet) Stlth
                     v - ring of willpower
HPRegen 0.30/turn    y - ring of resist corrosion
MPRegen 0.12/turn

%: no passive effects
@: under a protective aura
A: sickness immunity, AC +7, negative energy resistance 1, electricity
resistance, torment resistance 1, petrification resistance
a: Renounce Religion, Heroism, Finesse, Duel


You were on level 11 of the Dungeon.
You worshipped Okawaru.
Okawaru was extremely pleased with you.
You visited 2 branches of the dungeon, and saw 12 of its levels.

You collected 502 gold pieces.

Inventory:

Hand Weapons
 K - a +4 flail of protection (weapon)
Missiles
 q - 32 poisoned darts (quivered)
 s - 3 darts of dispersal
 F - 2 boomerangs
 G - a curare-tipped dart
Armour
 b - a +0 scale mail (worn)
 r - a +2 helmet (worn)
 w - a +0 kite shield (worn)
Jewellery
 c - a ring of protection from fire
 v - a ring of willpower (left hand)
 y - a ring of resist corrosion (right hand)
 E - a +5 ring of evasion
 J - a +6 ring of dexterity
Wands
 D - a wand of flame (8)
Scrolls
 a - a scroll of enchant weapon {unknown}
 f - 11 scrolls of identify {unknown}
 g - 2 scrolls of brand weapon {unknown}
 k - 2 scrolls of acquirement {unknown}
 m - 2 scrolls of poison {unknown}
 n - 2 scrolls of silence {unknown}
 o - a scroll of noise {unknown}
 x - 2 scrolls of enchant armour {unknown}
 A - 3 scrolls of teleportation {unknown}
 B - 2 scrolls of amnesia {unknown}
 C - a scroll of summoning {unknown}
Potions
 d - 2 potions of might
 e - 2 potions of enlightenment {unknown}
 h - 9 potions of curing {unknown}
 i - 3 potions of degeneration {unknown}
 j - a potion of heal wounds {unknown}
 l - a potion of attraction {unknown}
 p - 3 potions of lignification {unknown}
 t - a potion of magic {unknown}
 u - a potion of brilliance {unknown}
 z - a potion of haste {unknown}
 H - a potion of cancellation {unknown}
 I - a potion of mutation {unknown}


   Skills:
 + Level 7.4 Fighting
 + Level 9.8 Maces & Flails
 + Level 0.6 Throwing
 + Level 8.3 Armour
 + Level 4.0 Dodging
 + Level 1.2 Stealth
 + Level 8.8 Shields
 * Level 2.0 Invocations


You had 9 spell levels left.
You didn't know any spells.
Your spell library contained the following spells:

 Spells                   Type           Power      Damage    Failure   Level
 Freeze                   Ice            0%         1d3       85%         1
 Necrotise                Necr           0%         1d4       85%         1
 Blink                    Tloc           0%         N/A       94%         2
 Lesser Beckoning         Tloc           0%         N/A       94%         2
 Momentum Strike          Conj/Tloc      0%         3d8       94%         2
 Frozen Ramparts          Ice            0%         1d1       99%         3
 Gell's Gravitas          Tloc           0%         N/A       99%         3
 Hailstorm                Conj/Ice       0%         3d3       99%         3
 Teleport Other           Tloc           0%         N/A       99%         3
 Vampiric Draining        Necr           0%         2d6       99%         3
 Manifold Assault         Tloc           0%         N/A       100%        4
 Agony                    Necr           0%         N/A       100%        5
 Dispersal                Tloc           0%         N/A       100%        6
 Disjunction              Tloc           0%         N/A       100%        8


Dungeon Overview and Level Annotations

Branches:
Dungeon (11/15)            Temple (1/1) D:4            Lair (0/5) D:9
    Orc (0/2) D:9

Altars:
Ashenzari
Cheibriados
Dithmenos
Elyvilon
Fedhas
Gozag
Hepliaklqana
Kikubaaqudgha
Makhleb
Nemelex Xobeh
Okawaru
Qazlal
Ru
Sif Muna
Trog
Uskayaw
Vehumet
Wu Jian
Xom
Yredelemnul
Zin
The Shining One

Shops:
D:3 *

Portals:
Abyss: D:3

Annotations:
D:11 Erolcha


Innate Abilities, Weirdness & Mutations

You are immune to sickness and miasma.
Your stone body is resilient. (AC +7)
You are immune to poison.
You resist negative energy. (rN+)
You are resistant to electric shocks. (rElec)
You are resistant to unholy torment.
You are immune to petrification.


Message History

A - 3 scrolls labelled UBAG YMPIOWN (gained 1)
A boulder beetle comes into view.
The boulder beetle leaps!
You recover from your berserk rage.
There is a stone staircase leading up here.
The boulder beetle curls into a ball and begins rolling!
There is a stone staircase leading up here.
A boulder beetle is nearby!
You throw a poisoned dart.
The poisoned dart hits the boulder beetle.
The boulder beetle is poisoned.
You climb upwards.
There is a stone staircase leading down here.
You climb downwards.
Level annotation: Erolcha The boulder beetle hits you!!!
Ouch! That really hurt!
The boulder beetle stops rolling and uncurls.
You block the boulder beetle's attack.
There is a stone staircase leading up here.
You barely miss the boulder beetle. The boulder beetle bites you!
* * * LOW HITPOINT WARNING * * *
You thump the boulder beetle!
Your weapon exudes an aura of protection.
The boulder beetle is lightly wounded.
The boulder beetle bites you but does no damage.
You hit the boulder beetle but do no damage.
The boulder beetle is lightly wounded.
The boulder beetle looks more healthy.
The boulder beetle bites you but does no damage.
You hit the boulder beetle but do no damage.
The boulder beetle is lightly wounded.
The boulder beetle bites you.
* * * LOW HITPOINT WARNING * * *
You hit the boulder beetle but do no damage.
The boulder beetle is lightly wounded.
You thump the boulder beetle!
The boulder beetle is lightly wounded.
The boulder beetle bites you!!
You die...

#######################
#.....................#
#.....................#
#.....................#
#..............@......#
#..............B......#
#.....................#
#.....................#
#........(............#
#####..°..............#
#........>........#
#.................#
#.................#


You could see a boulder beetle.

Vanquished Creatures
  A two-headed ogre (D:10)
  Psyche (D:10)
  The ghost of TheCrane the Chopper, an amateur HOGl (D:3)
  A troll (D:8)
  A shadow (D:11)
  A vampire (D:10)
  3 wraiths
  2 sky beasts (D:8)
  3 ice beasts
  An ogre (D:5)
  A centaur (D:7)
  5 phantoms
  3 kobold brigands
  4 bullfrogs
  A gnoll sergeant (D:8)
  5 scorpions
  2 small abominations (D:3)
  3 wights
  A troll zombie (D:9)
  21 killer bees
  3 howler monkeys
  2 quasits (D:3)
  7 orc priests
  A sleepcap (D:6)
  5 hounds
  A gnoll bouda (D:6)
  An iguana (D:5)
  8 orc wizards
  7 ogre zombies (D:9)
  Robin (D:3)
  5 adders
  11 gnolls
  An ufetubus (D:5)
  3 worms
  19 orcs
  6 ball pythons
  4 endoplasms
  3 giant cockroaches
  16 goblins
  5 hobgoblins
  2 jackals (D:2)
  3 quokkas
  3 bats
  A frilled lizard (D:1)
  2 goblin skeletons (D:9)
  3 goblin zombies (D:9)
  A hobgoblin skeleton (D:9)
  2 hobgoblin zombies (D:9)
  20 kobolds
  5 orc skeletons (D:9)
  12 orc zombies (D:9)
  3 rats (D:1)
227 creatures vanquished.

Vanquished Creatures (others)
  A sky beast (D:7)
1 creature vanquished.

Grand Total: 228 creatures vanquished

Notes
Turn   | Place    | Note
-------+----------+-------------------------------------------
     0 | D:1      | AdnanSaban the Gargoyle Fighter began the quest for the
                  | Orb.
     0 | D:1      | Reached XP level 1. HP: 14/14 MP: 1/1
   250 | D:1      | Reached XP level 2. HP: 19/19 MP: 2/2
   643 | D:2      | Found a faded altar of an unknown god.
   657 | D:2      | Reached XP level 3. HP: 20/24 MP: 3/3
  1023 | D:2      | Noticed a scorpion
  1035 | D:2      | Killed a scorpion
  1036 | D:2      | Reached XP level 4. HP: 22/29 MP: 4/4
  1237 | D:3      | Found Memu's Assorted Antiques.
  1247 | D:3      | Reached XP level 5. HP: 32/33 MP: 5/5
  1291 | D:3      | Reached skill level 3 in Maces & Flails
  1639 | D:3      | Found a one-way gate to the infinite horrors of the Abyss.
  1640 | D:3      | Found a transporter.
  1650 | D:3      | Found a transporter.
  1652 | D:3      | Noticed TheCrane's ghost (amateur HOGl)
  1659 | D:3      | Noticed Robin
  1803 | D:3      | Killed Robin
  2329 | D:4      | Reached skill level 5 in Armour
  2347 | D:4      | Noticed a phantom
  2355 | D:4      | Killed a phantom
  2356 | D:4      | Reached XP level 6. HP: 38/38 MP: 6/6
  2513 | D:4      | Reached skill level 4 in Maces & Flails
  2527 | D:4      | Found a broken altar of Ashenzari.
  2871 | D:4      | Found a staircase to the Ecumenical Temple.
  2877 | Temple   | Entered the Ecumenical Temple
  2898 | Temple   | Became a worshipper of Warmaster Okawaru
  3267 | D:5      | Entered Level 5 of the Dungeon
  3278 | D:5      | Reached skill level 1 in Dodging
  3278 | D:5      | Reached XP level 7. HP: 43/44 MP: 7/7
  3381 | D:5      | Reached skill level 5 in Maces & Flails
  3388 | D:5      | Reached * piety under Okawaru
  3670 | D:5      | Reached skill level 6 in Maces & Flails
  3914 | D:5      | Reached XP level 8. HP: 47/48 MP: 8/8
  4283 | D:6      | Reached ** piety under Okawaru
  4418 | D:6      | Reached skill level 5 in Fighting
  4609 | D:6      | Reached skill level 5 in Shields
  4701 | D:6      | Reached skill level 7 in Maces & Flails
  5043 | D:6      | Found a basalt altar of Yredelemnul.
  5074 | D:6      | Found a glowing silver altar of Zin.
  5428 | D:7      | Reached XP level 9. HP: 49/54 MP: 9/9
  5439 | D:7      | Reached *** piety under Okawaru
  6239 | D:8      | Found a stormy altar of Qazlal.
  6762 | D:8      | Reached skill level 8 in Maces & Flails
  7424 | D:3      | Reached **** piety under Okawaru
  7552 | D:3      | Killed TheCrane's ghost
  7714 | D:3      | Reached XP level 10. HP: 58/60 MP: 10/10
  7720 | D:3      | Identified the +0 leather armour of Dawn {Harm +Inv rElec
                  | Str-3}
  8396 | D:9      | Found a staircase to the Orcish Mines.
  8539 | D:9      | Reached skill level 9 in Maces & Flails
  9103 | D:9      | Found a staircase to the Lair.
  9348 | D:10     | Entered Level 10 of the Dungeon
  9690 | D:10     | Noticed a two-headed ogre
  9700 | D:10     | Killed a two-headed ogre
  9700 | D:10     | Reached ***** piety under Okawaru
  9701 | D:10     | Reached skill level 1 in Stealth
 10419 | D:11     | Noticed Erolcha
 10439 | D:10     | Received a gift from Okawaru
 10440 | D:10     | Reached skill level 1 in Invocations
 10611 | D:11     | Noticed Psyche
 10630 | D:10     | Killed Psyche
 10675 | D:11     | Noticed a boulder beetle
 10701 | D:11     | Mangled by a boulder beetle

Illustrated notes

Levels and vault maps discovered:
D:1:      minmay_arrival_widening_spiral_wide, layout_rooms
D:2:      layout_loops_ring, shapermc_ecumenical_altar_acropolis,
          hangedman_abyss_or_decor_lesser_grid
D:3:      layout_basic, serial_shops, shop, gammafunk_ghost_abyssal_escape,
          st_stairs_14, uniq_robin
D:4:      layout_gridville, nicolae_ashenzari_panopticon, temple_green
D:5:      layout_basic
D:6:      layout_basic, mainiacjoe_overflow_two_lobes
D:7:      layout_basic
D:8:      layout_rooms, nicolae_overflow_crystal_walls
D:9:      layout_stronghold, lair_entry_dummy, zombieorc2_lemuel
D:10:     layout_loops_ring
D:11:     minmay_the_grid_triangle_9x9_rhombus_full
          [minmay_the_grid_triangle_9x9_intruding_spiral,
          minmay_the_grid_triangle_9x9_impossible_snake,
          minmay_the_grid_triangle_9x9_corrupted_corridor,
          minmay_the_grid_triangle_9x9_corruption,
          minmay_the_grid_triangle_9x9_descending_squares,
          minmay_the_grid_triangle_9x9_dagger,
          minmay_the_grid_triangle_9x9_flanged_cone,
          minmay_the_grid_triangle_9x9_prize_insulated], layout_gridville,
          uniq_erolcha, uniq_sonja, uniq_amaemon, uniq_fannar, uniq_psyche
Temple:   nicolae_temple_bog_church

Skill      XL: |  1  2  3  4  5  6  7  8  9 10 |
---------------+-------------------------------+-----
Armour         | 4 5 6 7 8 |  8.3
Maces & Flails | 3 4 6 7 8 9 |  9.8
Fighting       | 4 5 6 7 |  7.4
Shields        | 4 6 7 8 |  8.8
Dodging        | 1 2 3 4 |  4.0
Stealth        | 1 |  1.2
Invocations    | 2 |  2.0
Throwing       | |  0.6

Action                     |  1- 3 |  4- 6 |  7- 9 | 10-12 || total
---------------------------+-------+-------+-------+-------++-------
  Melee: Flail             |    78 |   135 |   336 |   315 ||   864
         Whip              |       |       |   278 |       ||   278
  Throw: Dart              |       |       |     1 |     9 ||    10
 Armour: Scale mail        |    46 |    90 |   317 |   191 ||   644
  Dodge: Dodged            |    42 |    58 |   214 |   170 ||   484
  Block: Buckler           |    21 |    24 |       |       ||    45
         Kite shield       |       |    20 |   280 |   197 ||   497

Table legend: (Time is in decaauts)
 A = Elapsed time spent in this place.
 B = Non-inter-level travel time spent in this place.
 C = Inter-level travel time spent in this place.
 D = Time resting spent in this place.
 E = Time spent auto-exploring this place.
 F = Levels seen in this place.
 G = Mean time per level.
                   A        B        C        D        E       F      G
               +--------+--------+--------+--------+--------+-----+--------+
         Total |  10830 |  10068 |    762 |    771 |   7006 |  12 |  902.5 |
       Dungeon |  10785 |  10062 |    723 |    771 |   7006 |  11 |  980.5 |
        Temple |     45 |      6 |     39 |      0 |      0 |   1 |   45.0 |
               +--------+--------+--------+--------+--------+-----+--------+

Top non-repeatable levels by time:
     D:3: 1533 daAuts
     D:9: 1218 daAuts
    D:10: 1165 daAuts
     D:6: 1141 daAuts
     D:8: 1134 daAuts
     D:5: 1086 daAuts
     D:7: 1031 daAuts
     D:4: 998 daAuts
     D:2: 736 daAuts
     D:1: 526 daAuts
    D:11: 212 daAuts
  Temple: 45 daAuts
